 Dungeon Crawl Stone Soup version 0.29-a0-721-g7f417c9bbb (webtiles) character file.

Game seed: 7839799720947875985

44852 lunkers the Fighter (level 15, -5/139 HPs)
             Began as a Meteoran Abyssal Knight on June 27, 2022.
             Was an Elder of Lugonu.
             Slain by a two-headed ogre
             ... wielding a +0 giant spiked club
              (21 damage)
             ... on level 2 of the Orcish Mines on June 28, 2022.
             The game lasted 00:45:09 (10034 turns).

lunkers the Fighter (Meteoran Abyssal Knight)      Turns: 10034, Time: 00:45:09

Health: -5/139     AC: 23    Str: 22      XL:     15   Next: 9%
Magic:  11/22      EV: 13    Int: 13      God:    Lugonu [****..]
Gold:   1438       SH: 10    Dex: 12 (13) Spells: 14/14 levels left

rFire   . . .      SeeInvis +   a - +2 hand axe (venom)
rCold   + . .      Faith    .   m - +0 kite shield {reflect}
rNeg    . . .      Spirit   .   l - +4 ring mail "Hedualae" {-Cast rPois rC+ rCorr}
rPois   +          Reflect  +   W - +2 helmet {SInv}
rElec   .          Harm     .   Z - +2 cloak {Stlth+}
rCorr   +          Rampage  .   (no gloves)
Will    +....      NoCast   +   c - +0 pair of boots
Stlth   +.........              e - amulet of regeneration
HPRegen 1.13/turn               N - ring of resist corrosion
MPRegen 0.18/turn               n - +4 ring of protection

@: glowing
A: sense surroundings 2, otherworldly, glowing, explore regen, clumsy 1,
screaming 1
a: Renounce Religion, Depart the Abyss, Bend Space, Banish, Corrupt


You were on level 2 of the Orcish Mines.
You worshipped Lugonu.
Lugonu was greatly pleased with you.
You visited 3 branches of the dungeon, and saw 19 of its levels.
You visited the Abyss 1 time.
You also visited: Sewer and Bailey.

You collected 1438 gold pieces.

Inventory:

Hand Weapons
 a - a +2 hand axe of venom (weapon)
 S - a +1 broad axe
Missiles
 F - 28 boomerangs
 G - 5 silver boomerangs
 I - 8 atropa-tipped darts
 K - 3 curare-tipped darts
 P - a throwing net
Armour
 c - a +0 pair of boots (worn)
 l - the +4 ring mail "Hedualae" (worn) {-Cast rPois rC+ rCorr}
   (You found it on level 2 of the Dungeon)

   rC:        It protects you from cold.
   rPois:     It protects you from poison.
   -Cast:     It prevents spellcasting.
   rCorr:     It protects you from acid and corrosion.
 m - a +0 kite shield of reflection (worn)
 x - a scarf of resistance
 A - the +4 robe of Augmentation {Str+4 Int+4 Dex+4}
   (You found it on level 7 of the Dungeon)

   Str:       It affects your strength (+4).
   Int:       It affects your intelligence (+4).
   Dex:       It affects your dexterity (+4).
 W - a +2 helmet of see invisible (worn)
 Z - a +2 cloak of stealth (worn)
Jewellery
 b - an amulet of faith
 e - an amulet of regeneration (around neck)
 i - an amulet of magic regeneration
 j - a ring of wizardry
 n - a +4 ring of protection (right hand)
 H - an amulet of reflection
 N - a ring of resist corrosion (left hand)
 U - a ring of see invisible
 V - the ring "Lias" {Ice Int+4}
   (You found it on level 4 of the Lair of Beasts)

   [ring of ice]

   It enhances your ice magic.
   Int:       It affects your intelligence (+4).
   rF:        It makes you vulnerable to fire.
   rC:        It protects you from cold.
Wands
 k - a wand of digging (7)
 M - a wand of quicksilver (3)
 Q - a wand of iceblast (10)
 Y - a wand of polymorph (11)
Scrolls
 g - 8 scrolls of teleportation
 r - 2 scrolls of amnesia
 s - 4 scrolls of immolation
 t - 3 scrolls of brand weapon
 u - 2 scrolls of fog
 y - 10 scrolls of blinking
 B - 2 scrolls of magic mapping
 O - 4 scrolls of enchant weapon
Potions
 f - 4 potions of brilliance
 h - 6 potions of curing
 o - 2 potions of flight
 p - 3 potions of mutation {unknown}
 q - 3 potions of magic {unknown}
 v - a potion of resistance {unknown}
 w - a potion of degeneration {unknown}
 z - 2 potions of lignification {unknown}
 C - 2 potions of haste {unknown}
 E - 5 potions of invisibility {unknown}
 R - a potion of might
 T - 2 potions of attraction {unknown}
 X - a potion of ambrosia
Miscellaneous
 J - a phantom mirror
 L - a condenser vane


   Skills:
 + Level 14.6 Fighting
 - Level 14.0 Axes
 - Level 10.0 Armour
 - Level 10.0 Dodging
 * Level 6.8 Shields
 - Level 8.0 Invocations
 + Level 12.4 Evocations


You had 14 spell levels left.
You didn't know any spells.
Your spell library contained the following spells:

 Spells                   Type           Power      Damage    Failure   Level
 Apportation              Tloc           0%         N/A       75%         1
 Magic Dart               Conj           0%         1d3       75%         1
 Slow                     Hex            0%         N/A       75%         1
 Summon Small Mammal      Summ           0%         N/A       75%         1
 Call Imp                 Summ           0%         N/A       87%         2
 Ensorcelled Hibernation  Hex/Ice        0%         N/A       87%         2
 Call Canine Familiar     Summ           0%         N/A       98%         3
 Confusing Touch          Hex            0%         N/A       98%         3
 Mephitic Cloud           Conj/Pois/Air  0%         N/A       98%         3
 Spider Form              Tmut/Pois      0%         N/A       98%         3
 Summon Guardian Golem    Hex/Summ       0%         N/A       98%         3
 Tukima's Dance           Hex            0%         N/A       98%         3
 Vampiric Draining        Necr           0%         2d6       98%         3
 Anguish                  Hex/Necr       0%         N/A       100%        4
 Corpse Rot               Necr/Pois/Air  0%         N/A       100%        4
 Dispel Undead            Necr           0%         3d6       100%        4
 Hailstorm                Conj/Ice       0%         3d3       100%        4
 Ice Form                 Ice/Tmut       0%         N/A       100%        4
 Passage of Golubria      Tloc           0%         N/A       100%        4
 Alistair's Intoxication  Tmut/Pois      0%         N/A       100%        5
 Yara's Violent Unravell  Hex/Tmut       0%         3d3       100%        5
 Death Channel            Necr           0%         N/A       100%        6
 Simulacrum               Ice/Necr       0%         N/A       100%        6


Dungeon Overview and Level Annotations

Branches:
Dungeon (11/15) Zot: 840   Temple (0/1) D:4            Lair (6/6) D:9 Zot: 688
  Slime (0/5) Lair:5          Orc (2/2) D:11 Zot: 924     Elf (0/3) Orc:2
  Sewer (visited)          Bailey (visited)
  Swamp: Lair:2-4    Shoals: Lair:2-4     Snake: Lair:2-4    Spider: Lair:2-4

Altars:
Cheibriados
Fedhas
Hepliaklqana
Makhleb
Ru
Sif Muna
Trog
Vehumet
Wu Jian
The Shining One
Jiyva

Shops:
Orc:1 [   Orc:2 (

Annotations:
D:10 2 runed translucent doors, Clark's ghost, journeyman DjHW


Innate Abilities, Weirdness & Mutations

You passively map the area around you.
You are easily found by Zot.
You glow in the dark.
You regain HP and MP as you explore.
You are clumsy. (Dex -2)
You occasionally shout uncontrollably at your foes.


Message History

The two-headed ogre hits you with a +0 giant club!!
The two-headed ogre hits you with a +0 giant spiked club!
* * * LOW HITPOINT WARNING * * *
The troll bites you!
* * * LOW HITPOINT WARNING * * *
The troll claws you but does no damage. You block the troll's attack.
The troll closely misses you.
The troll claws you but does no damage. x2
There is a stone staircase leading up, spattered with blood here.
Unknown command.
Unknown command.
Press: ? - help, Shift-Dir - straight line, f - two-headed ogre
Aim: a two-headed ogre, wielding a +0 giant spiked club and a +0 giant club (chance to affect: 71%)
The two-headed ogre struggles to resist.
You block the two-headed ogre's attack. x2
The two-headed ogre closely misses you.
The two-headed ogre hits you but does no damage.
The troll bites you!
* * * LOW HITPOINT WARNING * * *
You block the troll's attack. The troll claws you but does no damage.
A two-headed ogre comes into view. It is wielding two +0 giant clubs.
An ogre comes into view. It is wielding a +0 giant club.
Press: ? - help, Shift-Dir - straight line, f/p - two-headed ogre
Aim: a two-headed ogre, wielding a +0 giant spiked club and a +0 giant club (chance to affect: 71%)
The two-headed ogre struggles to resist.
The troll closely misses you. You block the troll's attack. x2
The two-headed ogre hits you with a +0 giant club!
* * * LOW HITPOINT WARNING * * *
The two-headed ogre hits you with a +0 giant spiked club!!
* * * LOW HITPOINT WARNING * * *
Press: ? - help, Shift-Dir - straight line, f/p - two-headed ogre
Aim: a two-headed ogre, wielding a +0 giant spiked club and a +0 giant club (chance to affect: 71%)
The two-headed ogre struggles to resist.
You block the two-headed ogre's attack. The two-headed ogre closely misses you.
The troll bites you but does no damage. You block the troll's attack.
The troll claws you!
* * * LOW HITPOINT WARNING * * *
The two-headed ogre hits you with a +0 giant spiked club!
* * * LOW HITPOINT WARNING * * *
The two-headed ogre hits you with a +0 giant club!!
You die...

.##.#.........#
,.............## ##
#............#
##.##...........#*
#...............#
#..............##
#..............##
##.#.....OT.....#
#.......O@.....##
##.......O......#
#...(.....<.....# ##
####.#............#
#.####.###.............#
....#...###O..........##
#...T#..#..O..O.......#
.O..#.....O...........$#
.......................#


You could see 4 two-headed ogres, an ogre mage, a troll and 2 ogres.

Vanquished Creatures
  The ghost of royokou the Fighter, a journeyman OpTm of Nemelex Xobeh (Lair:4)
  A hydra (Lair:5)
  A merfolk avatar (Lair:6)
  An ogre mage (D:10)
  A two-headed ogre (Orc:1)
  Erica (D:10)
  A death yak (Lair:3)
  A sea snake (Lair:6)
  A harpy (Lair:6)
  2 deep elf pyromancers
  An orc knight (D:10)
  3 cyclopes
  A manticore (Lair:6)
  11 elephants
  6 black mambas
  A gargoyle (D:10)
  10 cane toads
  A torpor snail (Lair:4)
  A kobold demonologist (D:11)
  2 rime drakes
  Maggie (D:10)
  5 komodo dragons
  A queen bee (Lair:4)
  A meliai (Lair:4)
  4 trolls
  A polar bear (Lair:6)
  3 hornets
  A blink frog (Lair:6)
  6 dream sheep (Lair:6)
  A snapping turtle (Lair:6)
  A shadow (D:11)
  5 basilisks
  4 wyverns
  26 yaks
  2 steam dragons
  An acid dragon (D:10)
  5 water moccasins
  A swamp drake (D:9)
  6 orc warriors
  3 ice beasts
  5 ogres (Orc:2)
  11 wolves
  5 centaurs
  9 kobold brigands
  A phantom (D:6)
  8 bullfrogs
  A gnoll sergeant (D:11)
  4 scorpions
  3 wights (D:9)
  20 killer bees
  8 howler monkeys
  2 jellies
  7 hounds
  13 orc priests
  7 orc wizards
  3 iguanas
  A centaur simulacrum (D:10)
  6 gnolls
  10 adders
  2 shadow imps
  A white imp (D:7)
  A howler monkey simulacrum (D:10)
  An ufetubus (D:5)
  2 worms
  3 dart slugs
  42 orcs
  16 ball pythons
  2 bats
  9 endoplasms
  11 giant cockroaches
  9 goblins
  5 hobgoblins
  4 jackals (D:2)
  28 kobolds
  10 quokkas
  14 frilled lizards
  A rat (D:1)
411 creatures vanquished.

Vanquished Creatures (others)
  26 fungi
  21 plants
47 creatures vanquished.

Grand Total: 458 creatures vanquished

Notes
Turn   | Place    | Note
-------+----------+-------------------------------------------
     0 | Abyss:1  | lunkers the Meteoran Abyssal Knight began the quest for the
                  | Orb.
     0 | Abyss:1  | Reached XP level 1. HP: 19/19 MP: 3/3
     1 | D:1      | Escaped the Abyss
   115 | D:1      | Reached XP level 2. HP: 26/26 MP: 4/4
   254 | D:2      | Found a snail-covered altar of Cheibriados.
   303 | D:2      | Reached XP level 3. HP: 31/31 MP: 6/6
   412 | D:2      | Reached *** piety under Lugonu
   454 | D:2      | Identified the +4 ring mail "Hedualae" {-Cast rPois rC+
                  | rCorr}
   527 | D:3      | Reached XP level 4. HP: 40/40 MP: 7/7
   948 | D:4      | Noticed an ogre
   950 | D:4      | Banished an ogre
   951 | D:4      | Reached XP level 5. HP: 46/46 MP: 3/9
   959 | D:4      | Found a staircase to the Ecumenical Temple.
   972 | D:4      | Reached skill level 5 in Axes
   972 | D:4      | Reached XP level 6. HP: 53/53 MP: 7/10
  1233 | D:4      | Reached XP level 7. HP: 58/60 MP: 11/11
  1240 | D:4      | Reached skill level 5 in Invocations
  1254 | D:4      | Identified the amulet of the Healing Gods {RegenMP rC-
                  | Dex+2 Stlth+}
  1298 | D:5      | Entered Level 5 of the Dungeon
  1399 | D:5      | Reached skill level 5 in Fighting
  1525 | D:5      | Reached XP level 8. HP: 51/68 MP: 4/13
  1716 | D:5      | Found a shimmering blue altar of Sif Muna.
  1725 | D:5      | Found a radiant altar of Vehumet.
  1726 | D:5      | Found an ornate altar of the Wu Jian Council.
  1727 | D:5      | Found a burning altar of Makhleb.
  1727 | D:5      | Found a sacrificial altar of Ru.
  1727 | D:5      | Found a blossoming altar of Fedhas.
  1731 | D:5      | Found a bloodstained altar of Trog.
  1732 | D:5      | Found a glowing golden altar of the Shining One.
  1903 | D:6      | Found a hazy altar of Hepliaklqana.
  1921 | D:6      | Found a glowing drain.
  1945 | Sewer    | Entered a sewer
  1963 | Sewer    | Reached **** piety under Lugonu
  2405 | D:6      | Gained mutation: You passively map the area around you.
                  | [Meteoran growth]
  2405 | D:6      | Reached XP level 9. HP: 77/77 MP: 15/15
  2562 | D:7      | Noticed a boulder beetle
  2563 | D:7      | Banished a boulder beetle
  2564 | D:7      | Reached skill level 10 in Axes
  2573 | D:7      | Found the +4 robe of Augmentation {Str+4 Int+4 Dex+4}
  2892 | D:7      | Reached XP level 10. HP: 88/88 MP: 17/17
  3553 | D:9      | Found a flagged portal.
  3569 | D:9      | Reached ***** piety under Lugonu
  3589 | Bailey   | Entered a bailey
  3710 | Bailey   | Reached XP level 11. HP: 49/97 MP: 9/18
  3786 | Bailey   | Found a bloodstained altar of Trog.
  3937 | D:9      | Found a snail-covered altar of Cheibriados.
  3976 | D:9      | Reached skill level 1 in Evocations
  4057 | D:9      | Noticed a two-headed ogre
  4058 | D:9      | Banished a two-headed ogre
  4159 | D:9      | Reached skill level 10 in Fighting
  4306 | D:9      | Noticed a deep elf pyromancer
  4315 | D:9      | Noticed a deep elf pyromancer
  4324 | D:9      | Banished a deep elf pyromancer
  4325 | D:9      | Reached skill level 5 in Armour
  4328 | D:9      | Killed a deep elf pyromancer
  4607 | D:9      | Found a staircase to the Lair.
  4631 | D:9      | Identified the +0 cloak "Soytwuxo" {rC+}
  4670 | Lair:1   | Entered Level 1 of the Lair of Beasts
  4932 | Lair:3   | Noticed an elephant
  4934 | Lair:3   | Noticed an elephant
  4938 | Lair:3   | Noticed an elephant
  4946 | Lair:3   | Banished an elephant
  4947 | Lair:3   | Reached skill level 5 in Dodging
  4947 | Lair:3   | Reached XP level 12. HP: 99/108 MP: 8/19
  4950 | Lair:3   | Reached skill level 5 in Evocations
  5020 | Lair:4   | Noticed a death yak
  5079 | Lair:3   | Killed a death yak
  5265 | Lair:5   | Noticed a four-headed hydra
  5266 | Lair:5   | Banished a four-headed hydra
  5413 | Lair:5   | Noticed a six-headed hydra
  5415 | Lair:5   | Banished a six-headed hydra
  5431 | Lair:5   | Noticed a seven-headed hydra
  5432 | Lair:5   | Banished a seven-headed hydra
  5453 | Lair:5   | Found a staircase to the Slime Pits.
  5679 | Lair:5   | Reached XP level 13. HP: 81/117 MP: 20/20
  5767 | Lair:5   | Noticed a seven-headed hydra
  5782 | Lair:5   | Killed a seven-headed hydra
  5958 | Lair:6   | Entered Level 6 of the Lair of Beasts
  5958 | Lair:6   | Noticed a boulder beetle
  6005 | Lair:5   | Found a viscous altar of Jiyva.
  6035 | Lair:5   | Banished a boulder beetle
  6175 | Lair:6   | Noticed a seven-headed hydra
  6187 | Lair:6   | Banished a seven-headed hydra
  6334 | Lair:6   | Reached skill level 10 in Armour
  6583 | Lair:6   | Noticed a merfolk avatar
  6591 | Lair:6   | Killed a merfolk avatar
  6592 | Lair:6   | Reached skill level 10 in Dodging
  6592 | Lair:6   | Reached XP level 14. HP: 109/129 MP: 21/21
  6608 | Lair:6   | Reached skill level 10 in Evocations
  6633 | Lair:6   | Identified the +3 trident of the Crushed Friars {spect,
                  | +Blink rC+ Str+2 Int+2}
  6825 | Lair:6   | Paralysed by a hornet for 2 turns
  7275 | Lair:4   | Found a transporter.
  7275 | Lair:4   | Noticed royokou's ghost (journeyman OpTm)
  7279 | Lair:4   | Found a transporter.
  7347 | Lair:4   | HP: 5/130 [royokou's ghost (8)]
  7354 | Lair:4   | Killed royokou's ghost
  7484 | Lair:4   | Identified the ring "Lias" {Ice Int+4}
  7835 | Lair:1   | Reached skill level 1 in Shields
  7979 | D:10     | Entered Level 10 of the Dungeon
  8002 | D:10     | Found a runed translucent door.
  8193 | D:10     | Noticed Erica
  8212 | D:10     | Killed Erica
  8361 | D:10     | Paralysed by an ogre mage for 2 turns
  8596 | D:10     | Reached skill level 5 in Shields
  8817 | D:10     | Noticed Clark's ghost (journeyman DjHW)
  8817 | D:10     | Found the +14 obsidian axe {vorpal, Mesm Drain Fly SInv}
  8820 | D:10     | Noticed a lich
  8844 | D:10     | Found a runed translucent door.
  8887 | D:10     | Noticed Maggie
  8902 | D:10     | Killed Maggie
  9545 | D:11     | Identified the +9 dagger of Extermination {antimagic, rElec
                  | rPois Will+}
  9550 | D:11     | Gained mutation: You are clumsy. (Dex -2) [a neqoxec]
  9554 | D:11     | Gained mutation: You occasionally shout uncontrollably at
                  | your foes. [a neqoxec]
  9691 | D:11     | Found a bloodstained altar of Trog.
  9733 | D:11     | Reached XP level 15. HP: 138/139 MP: 22/22
  9741 | D:11     | Found a staircase to the Orcish Mines.
  9746 | Orc:1    | Entered Level 1 of the Orcish Mines
  9746 | Orc:1    | Found Moxahaxe's Armour Shoppe.
  9842 | Orc:2    | Entered Level 2 of the Orcish Mines
  9929 | Orc:2    | Found a staircase to the Elven Halls.
  9934 | Orc:2    | Found Anwem's Weapon Shoppe.
 10034 | Orc:2    | Slain by a two-headed ogre

Illustrated notes

Levels and vault maps discovered:
D:1:      lemuel_arrival_behind_the_door_small, layout_rooms,
          hellmonk_ecumenical_altar_lost_god, serial_bayou_lagoon_b
D:2:      layout_basic, basic_altar
D:3:      layout_basic
D:4:      minmay_clustersquares, layout_cave_pools,
          minmay_temple_entry_stoned_glass
D:5:      layout_loops_ring, minitemple, hangedman_decor_lopped
D:6:      layout_cave_pools, kennysheep_mini, cheibrodos_sewer_entry_bend,
          item_on_display_a
D:7:      layout_loops_cross, overflow_temple_1_default, uniq_joseph
D:8:      layout_rooms, serial_rivers, chequers_serial_rivers_small_b,
          chequers_serial_rivers_small_a, chequers_serial_rivers_room_b,
          chequers_serial_rivers_marsh, chequers_serial_rivers_small_b,
          chequers_serial_rivers_micro_a
D:9:      minmay_general_purpose_star, layout_irregular_city,
          mainiacjoe_overflow_chevrons, erik_lair_dragon, enter_bailey_5,
          minmay_radiant
D:10:     layout_layer_cave, muffindrake_ghost_dual_entry, minmay_evil_grid,
          uniq_maggie, uniq_erica
D:11:     layout_roguey, hiddenorc1_lemuel, wad_floor_pattern_untrapped,
          bloody_trog
Lair:1:   layout_regular_city, gammafunk_ghost_necromancy
Lair:2:   layout_gridlike, minmay_shoals_entry_hut, special_room
          [special_room_bee], lemuel_fruit_tree, uniq_gastronok
Lair:3:   layout_chaotic_city, nicolae_spider_entry_tight_spaces
Lair:4:   layout_small_grid, gammafunk_ghost_hive
Lair:5:   layout_regular_city, slime_entry_1, grunt_megastairs_5
Lair:6:   gammafunk_lair_ancient_temple, layout_layer_cave
Orc:1:    layout_caves, serial_shops, nicolae_shop_window_shopping,
          nicolae_shop_trees, shop, shop, nicolae_shop_waterfront
Orc:2:    st_orc_open, layout_caves, basic_altar

Skill      XL: |  1  2  3  4  5  6  7  8  9 10 11 12 13 14 |
---------------+-------------------------------------------+-----
Axes           | 3 4 5 6 7 8 10 13 14 | 14.0
Invocations    | 3 4 5 6 8 |  8.0
Fighting       | 4 5 6 7 9 10 11 13 14 | 14.6
Evocations     | 4 7 9 12 | 12.4
Armour         | 6 8 10 | 10.0
Dodging        | 5 7 10 | 10.0
Shields        | 6 |  6.8

Action                   |  1- 3 |  4- 6 |  7- 9 | 10-12 | 13-15 || total
-------------------------+-------+-------+-------+-------+-------++-------
Melee: Hand axe          |    92 |   137 |   413 |   772 |  1043 ||  2457
       Punch             |       |     1 |     8 |    14 |    14 ||    37
Throw: Boomerang         |       |       |       |     3 |       ||     3
Invok: Banish            |       |     1 |     3 |    26 |    14 ||    44
       Bend Space        |       |       |       |     2 |       ||     2
Evoke: Condenser vane    |       |       |       |     1 |     2 ||     3
       Wand              |       |       |       |       |    16 ||    16
  Use: Scroll            |       |       |     8 |     7 |     4 ||    19
       Potion            |       |       |       |     1 |     7 ||     8
 Stab: Confused          |       |       |       |     4 |     1 ||     5
Armor: Leather armour    |    35 |       |       |       |       ||    35
       Ring mail         |     4 |    64 |   279 |   384 |   374 ||  1105
Dodge: Dodged            |    42 |    76 |   184 |   354 |   497 ||  1153
Block: Kite shield       |       |       |       |       |   189 ||   189
       Reflection        |       |       |       |       |     4 ||     4

Table legend: (Time is in decaauts)
 A = Elapsed time spent in this place.
 B = Non-inter-level travel time spent in this place.
 C = Inter-level travel time spent in this place.
 D = Time resting spent in this place.
 E = Time spent auto-exploring this place.
 F = Levels seen in this place.
 G = Mean time per level.
                   A        B        C        D        E       F      G
               +--------+--------+--------+--------+--------+-----+--------+
         Total |   9533 |   8685 |    848 |    234 |   2619 |  22 |  433.3 |
       Dungeon |   5759 |   5080 |    679 |    126 |   2211 |  11 |  523.5 |
          Lair |   2911 |   2743 |    168 |    108 |    229 |   6 |  485.2 |
  Orcish Mines |    274 |    274 |      0 |      0 |      0 |   2 |  137.0 |
         Abyss |      1 |      1 |      0 |      0 |      0 |   1 |    1.0 |
         Sewer |    376 |    376 |      0 |      0 |    140 |   1 |  376.0 |
        Bailey |    210 |    210 |      0 |      0 |     39 |   1 |  210.0 |
               +--------+--------+--------+--------+--------+-----+--------+

Top non-repeatable levels by time:
    D:10: 1001 daAuts
     D:9: 945 daAuts
  Lair:6: 916 daAuts
  Lair:4: 694 daAuts
  Lair:5: 665 daAuts
     D:3: 512 daAuts
     D:5: 503 daAuts
     D:8: 462 daAuts
     D:7: 455 daAuts
     D:6: 446 daAuts
    D:11: 436 daAuts
     D:4: 420 daAuts
   Sewer: 376 daAuts
     D:2: 374 daAuts
  Lair:3: 252 daAuts
